 Dungeon Crawl Stone Soup version 0.25-a0-949-gdd2af9e06e (webtiles) character file.

Game seed: 16636543346799153945, levelgen mode: classic

42 Amnesiac the Magician (level 3, -7/19 HPs)
             Began as a Deep Elf Wizard on May 8, 2020.
             Mangled by Natasha (8 damage)
             ... on level 2 of the Dungeon.
             The game lasted 00:02:33 (868 turns).

Amnesiac the Magician (Deep Elf Wizard)              Turns: 868, Time: 00:02:34

Health: -7/19      AC:  2    Str:  4    XL:     3   Next: 35%
Magic:  5/11       EV: 13    Int: 23    God:
Gold:   49         SH:  0    Dex: 13    Spells: 0/11 levels left

rFire    + . .     SeeInvis .   (no weapon)
rCold    . . .     Gourm    .   (no shield)
rNeg     . . .     Faith    .   i - +0 robe
rPois    .         Spirit   .   (no helmet)
rElec    .         Reflect  .   (no cloak)
rCorr    .         Harm     .   (no gloves)
MR       .....                  (no boots)
Stlth    ++........             (no amulet)
HPRegen  0.06/turn              c - ring of protection from fire
MPRegen  0.12/turn              (no ring)

@: mighty
A: no striking features
a: no special abilities


You were on level 2 of the Dungeon.
You were not hungry.

You visited 1 branch of the dungeon, and saw 3 of its levels.

You collected 49 gold pieces.

Inventory:

Hand Weapons
 a - a +0 hunting sling
Missiles
 f - 15 poisoned darts (quivered)
 h - 14 stones
 l - 12 sling bullets
Armour
 g - a +0 buckler
 i - a +0 robe (worn)
Jewellery
 c - a ring of protection from fire (left hand)
Scrolls
 j - a scroll of identify {!r, unknown}
Comestibles
 d - 4 rations
 k - 4 chunks of flesh


   Skills:
 - Level 2.4 Dodging
 - Level 2.4 Stealth
 + Level 0.9 Shields
 - Level 4.5 Spellcasting
 * Level 3.2 Conjurations
 - Level 1.1 Summonings
 - Level 1.1 Translocations


You couldn't memorise any spells.
You knew the following spells:

 Your Spells              Type           Power        Failure   Level  Hunger
a - Magic Dart            Conj           ###.         2%          1    None
b - Call Imp              Summ           ##......     10%         2    None
e - Mephitic Cloud        Conj/Pois/Air  ##......     19%         3    ##.....
s - Conjure Flame         Conj/Fire      ##......     16%         3    ##.....
v - Blink                 Tloc           N/A          10%         2    None

Your spell library contained the following spells:

 Spells                   Type           Power        Failure   Level  Hunger
 Slow                     Hex            #.......     16%         2    None


Dungeon Overview and Level Annotations

Branches:
Dungeon (3/15)

Altars:

Annotations:
D:2 Natasha
D:3 Jessica


Message History

You start memorising the spell.
You continue memorising. x3
You finish memorising.
Spell assigned to 'e'.
You start resting.
Your shadow imp disappears in a puff of smoke!
Some of the chunks of flesh in your inventory have rotted away.
Your white imp disappears in a puff of smoke!
Magic restored.
Found a robe.
Found a whip, a ration and 5 javelins.
Found a stone staircase leading down.
You see here a +0 dagger.
Found a quarterstaff.
d - 4 rations (gained 1) Natasha, Servant of Life and Death comes into view.
Natasha hisses angrily.
Casting: Magic Dart (safe; 2% risk of failure)
Confirm with . or Enter, or press ? or * to list all spells.
A beastly little devil appears in a puff of flame.
Natasha mumbles some strange words.
Natasha shimmers violently.
Natasha casts a spell at you. The magic dart hits you!
Ouch! That really hurt!
* * * LOW HITPOINT WARNING * * *
Casting: Call Imp (safe; 10% risk of failure)
Confirm with . or Enter, or press ? or * to list all spells.
A beastly little devil appears in a puff of flame.
Natasha casts a spell at you. The magic dart hits you!
* * * LOW HITPOINT WARNING * * *
Unknown command.
Unknown command.
Unknown command.
Your crimson imp blinks!
Casting: Call Imp (safe; 10% risk of failure)
Confirm with . or Enter, or press ? or * to list all spells.
A beastly little devil appears in a puff of flame.
Natasha is nearby!
Unknown command.
Your crimson imp blinks!
Your crimson imp blinks!
Natasha mumbles some strange words.
Really quaff
e - a bubbling grey potion {!q}?
It was a potion of might {!q}.
You feel very mighty all of a sudden.
You are now empty-handed.
Casting: Call Imp (safe; 10% risk of failure)
Confirm with . or Enter, or press ? or * to list all spells.
Aiming: Magic Dart (safe; 2% risk of failure)
Press: ? - help, Shift-Dir - straight line, f - Natasha
Aim: Natasha The magic dart hits Natasha.
Natasha is moderately wounded.
Unknown command.
Unknown command.
You completely miss Natasha.
Natasha is moderately wounded.
Natasha closely misses you. The shadow imp closely misses you.
Unknown command.
You closely miss Natasha.
Natasha is moderately wounded.
Natasha claws you but does no damage. The shadow imp barely misses you.
Unknown command.
Natasha claws you!
You die...

#.....# #.....###
#....... #.....#
###.....### #.........#
#.).......# #(..%)>...#
#..@5.....# ###..h......#
.......555.....#
...............##
....##......[...## ..
##.......................
#.###..##).####...#..#..
# ##.....### #........
####....###........


You could see Natasha, a shadow imp and 3 friendly crimson imps.

Vanquished Creatures
  A dart slug (D:1)
  A leopard gecko (D:2)
  An orc (D:2)
  4 goblins
  A ball python (D:2)
  A kobold (D:1)
  A rat (D:1)
10 creatures vanquished.

Vanquished Creatures (collateral kills)
  Natasha (twice) (D:2)
  A goblin (D:2)
3 creatures vanquished.

Grand Total: 13 creatures vanquished

Notes
Turn   | Place    | Note
-------+----------+-------------------------------------------
     0 | D:1      | Amnesiac the Deep Elf Wizard began the quest for the Orb.
     0 | D:1      | Reached XP level 1. HP: 10/10 MP: 7/7
   204 | D:3      | Noticed Jessica
   215 | D:2      | Reached XP level 2. HP: 5/15 MP: 3/9
   425 | D:2      | Learned a level 2 spell: Blink
   428 | D:2      | Learned a level 2 spell: Call Imp
   688 | D:2      | Noticed Natasha
   700 | D:2      | Killed Natasha
   762 | D:2      | Noticed Natasha
   771 | D:2      | Killed Natasha
   771 | D:2      | Reached XP level 3. HP: 19/19 MP: 2/11
   776 | D:2      | Learned a level 3 spell: Conjure Flame
   780 | D:2      | Learned a level 3 spell: Mephitic Cloud
   854 | D:2      | Noticed Natasha
   868 | D:2      | Mangled by Natasha

Levels and vault maps discovered:
D:1:      dpeg_arrival_another_circle, layout_basic
D:2:      layout_rooms, chequers_ecumenical_altar_simple_redux,
          solitary_fountain, kennysheep_generic_room_14, uniq_natasha
D:3:      layout_basic, uniq_jessica

Skill      XL: |  1  2 |
---------------+-------+-----
Conjurations   | 2 3 |  3.2
Dodging        | |  2.4
Stealth        | |  2.4
Shields        | |  0.9
Spellcasting   | |  4.5
Summonings     | |  1.1
Translocations | |  1.1

Action                   || total
-------------------------++-------
Melee: Unarmed           ||     2
 Fire: Hunting sling     ||     1
 Cast: Magic Dart        ||    26
       Call Imp          ||     9
  Use: Scroll            ||     1
       Potion            ||     1
Armor: Robe              ||     1
Dodge: Dodged            ||     7

Table legend:
 A = Non-vault XP
 B = Vault XP
 C = Vault XP percentage of total XP
 D = Non-vault monster count
 E = Vault monster count
 F = Vault count percentage of total count
                 A         B        C        D         E       F
            +---------+---------+-------+---------+---------+-------
      Total |      44 |      17 |  27.9 |      12 |       1 |   7.7
            +---------+---------+-------+---------+---------+-------
        D:1 |      12 |       0 |   0.0 |       6 |       0 |   0.0
        D:2 |      32 |      17 |  34.7 |       6 |       1 |  14.3
            +---------+---------+-------+---------+---------+-------
